 Dungeon Crawl Stone Soup version 0.29.1-13-g9f3cf754e1 (webtiles) character file.

Game seed: 11042358859041676203

1234 shoresy the Chopper (level 8, -2/70 (71) HPs)
             Began as a Minotaur Fighter on Nov 7, 2022.
             Was a Follower of Trog.
             Slain by a two-headed ogre
             ... wielding a +0 giant club
              (20 damage)
             ... on level 7 of the Dungeon on Feb 6, 2023.
             The game lasted 00:37:16 (5493 turns).

shoresy the Chopper (Minotaur Fighter)              Turns: 5493, Time: 00:37:16

HP:   -2/70 (71)    AC: 18    Str: 23    XL:     8   Next: 24%
MP:   0/7           EV:  6    Int:  5    God:    Trog [*.....]
Gold: 237           SH:  5    Dex: 10    Spells: 7/7 levels left

rFire   . . .      SeeInvis .   a - +0 war axe
rCold   . . .      Faith    .   c - +0 buckler
rNeg    . . .      Spirit   +   D - +0 plate armour
rPois   .          Reflect  .   (helmet restricted)
rElec   .          Harm     .   y - +0 cloak
rCorr   .          Rampage  .   (no gloves)
Will    .....                   (no boots)
Stlth   ..........              g - amulet of guardian spirit
HPRegen 0.21/turn               N - +4 ring of protection
MPRegen 0.10/turn               (no ring)

@: lightly drained
A: horns 2, retaliatory headbutt
a: Renounce Religion, Berserk


You were on level 7 of the Dungeon.
You worshipped Trog.
Trog was aware of your devotion.
You visited 2 branches of the dungeon, and saw 8 of its levels.
You also visited: Ossuary.

You collected 237 gold pieces.

Inventory:

Hand Weapons
 a - a +0 war axe (weapon)
 x - a +3 quarterstaff of chaos
 C - a +0 flail of holy wrath
Missiles
 e - 3 datura-tipped darts (quivered)
 n - 46 stones
 p - 4 large rocks
 r - 3 silver javelins
Armour
 b - a +0 scale mail
 c - a +0 buckler (worn)
 k - the +1 ring mail "Kowkepeo" {rCorr}
   (You found it on level 2 of the Dungeon)

   rCorr:     It protects you from acid and corrosion.
 y - a +0 cloak (worn)
 D - a +0 plate armour (worn)
Jewellery
 g - an amulet of guardian spirit (around neck)
 N - a +4 ring of protection (left hand)
Wands
 q - a wand of mindburst (5)
 J - a wand of flame (11)
Scrolls
 f - 2 scrolls of enchant armour {unknown}
 h - 10 scrolls of identify {unknown}
 j - a scroll of fear {unknown}
 l - a scroll of immolation {unknown}
 o - 6 scrolls of teleportation {unknown}
 w - 2 scrolls of blinking {unknown}
 G - a scroll of noise {unknown}
 I - a scroll of summoning {unknown}
 K - a scroll of vulnerability {unknown}
Potions
 d - 3 potions of might
 i - 3 potions of heal wounds {unknown}
 m - a potion of invisibility {unknown}
 s - a potion of attraction {unknown}
 t - 3 potions of mutation {unknown}
 u - 2 potions of degeneration {unknown}
 A - 4 potions of curing {unknown}
 B - a potion of haste {unknown}
 E - a potion of berserk rage {unknown}
 F - 2 potions of lignification {unknown}
 H - 2 potions of ambrosia {unknown}
 L - a potion of magic {unknown}
 M - a potion of flight {unknown}


   Skills:
 + Level 6.5 Fighting
 * Level 7.8 Axes
 + Level 6.4 Armour
 + Level 6.4 Shields


You had 7 spell levels left.
You didn't know any spells.
Your spell library contained the following spells:

 Spells                   Type           Power      Damage    Failure   Level
 Freeze                   Ice            0%         1d3       100%        1
 Frozen Ramparts          Ice            0%         1d1       100%        3
 Hailstorm                Conj/Ice       0%         3d3       100%        4


Dungeon Overview and Level Annotations

Branches:
Dungeon (7/15)             Temple (1/1) D:4         Ossuary (visited)

Altars:
Ashenzari
Dithmenos
Kikubaaqudgha
Makhleb
Okawaru
Qazlal
Ru
Sif Muna
Trog
Uskayaw
Wu Jian
Xom
Yredelemnul
Zin

Shops:
D:2 [


Innate Abilities, Weirdness & Mutations

You have a pair of horns on your head.
You reflexively headbutt those who attack you in melee.


Message History

The two-headed ogre completely misses you.
The two-headed ogre hits you but does no damage.
The scorpion stings you but does no damage.
The bullfrog hits you but does no damage.
There is a stone staircase leading up here.
A wight comes into view. It is wielding a +0 hand axe.
The bullfrog hits you.
A wight comes into view. It is wielding a +4 mace of freezing.
You block the scorpion's attack. The bullfrog closely misses you.
You hit the scorpion.
You kill the scorpion!
Trog accepts your kill.
You slash the bullfrog!
The bullfrog hits you but does no damage.
The wight completely misses you.
The two-headed ogre hits you but does no damage.
The two-headed ogre hits you with a +0 giant club!
You slash the two-headed ogre!
The two-headed ogre is moderately wounded.
You hit the bullfrog but do no damage.
The bullfrog hits you but does no damage.
The wight hits you but does no damage.
The bullfrog hits you but does no damage.
You hit the two-headed ogre.
Your headbutt misses the two-headed ogre.
The two-headed ogre is moderately wounded.
You hit the bullfrog but do no damage.
The bullfrog hits you but does no damage.
The wight hits you from afar with a +1 trident.
You feel drained.
The two-headed ogre hits you with a +0 giant club.
The two-headed ogre hits you with a +0 giant club!!
* * * LOW HITPOINT WARNING * * *
The bullfrog hits you but does no damage.
You barely miss the two-headed ogre.
The two-headed ogre is moderately wounded.
You closely miss the bullfrog. The wight hits you but does no damage.
The bullfrog hits you but does no damage.
The two-headed ogre hits you with a +0 giant club!!
You die...

#........
.........
#........
####+###.>......
#..............
.#..............
...........####
'#......F†....#
....zz.@O.....#
....z........##
.............#
................
.......).........
..##..####.......
. #.. ...#8## #..
...###


You could see a two-headed ogre, a bullfrog and 3 wights.

Vanquished Creatures
  Sigmund (D:2)
  2 water moccasins (D:6)
  A black bear (D:6)
  A sky beast (D:4)
  2 scorpions
  A water moccasin zombie (Ossuary)
  2 howler monkeys (D:7)
  A hound (D:6)
  An orc priest (D:6)
  Crazy Yiuf (D:4)
  2 jellies
  2 orc wizards (D:6)
  2 mummies (Ossuary)
  5 gnolls
  3 adders
  4 adder zombies (Ossuary)
  A worm (D:2)
  2 dart slugs (D:1)
  11 orcs
  7 bats
  8 endoplasms
  2 giant cockroaches
  5 gnoll zombies (Ossuary)
  11 goblins
  3 hobgoblins
  6 jackals
  6 kobolds
  5 quokkas
  5 ball pythons
  4 frilled lizards
  5 hobgoblin zombies (Ossuary)
  5 kobold zombies (Ossuary)
  4 orc zombies (Ossuary)
  4 rats
125 creatures vanquished.

Vanquished Creatures (others)
  A scorpion (D:5)
1 creature vanquished.

Grand Total: 126 creatures vanquished

Notes
Turn   | Place    | Note
-------+----------+-------------------------------------------
     0 | D:1      | shoresy the Minotaur Fighter began the quest for the Orb.
     0 | D:1      | Reached XP level 1. HP: 19/19 MP: 0/0
    51 | D:2      | Found Xaits's Antique Armour Shoppe.
   100 | D:1      | Reached XP level 2. HP: 11/27 MP: 1/1
   337 | D:1      | Reached skill level 3 in Axes
   407 | D:2      | Reached XP level 3. HP: 30/33 MP: 0/2
   582 | D:2      | Identified the +1 ring mail "Kowkepeo" {rCorr}
   694 | D:1      | Found a faded altar of an unknown god.
  1442 | D:2      | Noticed Sigmund
  1448 | D:2      | Killed Sigmund
  1449 | D:2      | Reached skill level 4 in Axes
  1449 | D:2      | Reached XP level 4. HP: 35/41 MP: 1/3
  1449 | D:2      | Reached XP level 5. HP: 40/47 MP: 1/4
  1582 | D:2      | Found a sacrificial altar of Ru.
  2224 | D:3      | Upgraded the game from 0.29.1-2-gbd0b4ee654 to
                  | 0.29.1-12-g30fa7ad0bf
  2272 | D:3      | Reached skill level 5 in Axes
  2373 | D:3      | Reached XP level 6. HP: 55/55 MP: 5/5
  2400 | D:4      | Noticed a sky beast
  2713 | D:3      | Reached skill level 5 in Fighting
  2844 | D:3      | Found a hide-covered altar of Uskayaw.
  2969 | D:4      | Found a staircase to the Ecumenical Temple.
  2982 | Temple   | Entered the Ecumenical Temple
  3012 | Temple   | Became a worshipper of Trog the Wrathful
  3043 | D:4      | Upgraded the game from 0.29.1-12-g30fa7ad0bf to
                  | 0.29.1-13-g9f3cf754e1
  3080 | D:4      | Found a runed translucent door.
  3081 | D:4      | Noticed Crazy Yiuf
  3188 | D:4      | Killed Crazy Yiuf
  3189 | D:4      | Reached skill level 5 in Armour
  3189 | D:4      | Reached skill level 5 in Shields
  3366 | D:5      | Entered Level 5 of the Dungeon
  3649 | D:4      | Killed a sky beast
  4056 | D:6      | Reached skill level 6 in Axes
  4056 | D:6      | Reached XP level 7. HP: 48/61 MP: 6/6
  4090 | D:6      | Identified the +5 dagger of Taxation {vorpal, *Noise rElec
                  | rN++ Will+ Str+4}
  4147 | D:6      | Found a sand-covered staircase.
  4152 | Ossuary  | Entered an ossuary
  4280 | Ossuary  | Reached * piety under Trog
  4604 | D:6      | Found an ornate altar of the Wu Jian Council.
  4613 | D:6      | Found a shadowy altar of Dithmenos.
  4670 | D:6      | Reached skill level 7 in Axes
  4805 | D:6      | Reached XP level 8. HP: 66/70 MP: 7/7
  4886 | D:6      | Found a burning altar of Makhleb.
  4886 | D:6      | Found a basalt altar of Yredelemnul.
  5484 | D:7      | Noticed a two-headed ogre
  5493 | D:7      | Slain by a two-headed ogre

Illustrated notes

Levels and vault maps discovered:
D:1:      psy_arrival_dodecagon, layout_loops_cross,
          hellmonk_ecumenical_altar_dog_temple
D:2:      layout_loops_ring, serial_shops, shop, basic_altar,
          grunt_decor_mini_mirrors, minmay_misc_feat_nine_boxes,
          minmay_misc_feat_enclosed, supply_closet_lemuel, uniq_sigmund
D:3:      layout_basic, overflow_temple_1_default, minivault_23
D:4:      layout_basic, minmay_temple_entry_junction_2,
          corexii_item_surrounded_by_moat, uniq_crazy_yiuf_cottage
D:5:      layout_loops_ring, lemuel_flamethrower_2
D:6:      layout_cave_pods, mainiacjoe_overflow_big_doors,
          chequers_temple_overflow_statue_of_worship, enter_ossuary_5
D:7:      gammafunk_wand_slinger, layout_basic, serial_corexii_hall,
          chequers_hall_statues_y, corexii_hall_statues_x, serial_shops, shop,
          gammafunk_ghost_necromancy
Temple:   nicolae_temple_god_jail

Skill      XL: |  1  2  3  4  5  6  7 |
---------------+----------------------+-----
Armour         | 4 5 6 |  6.4
Fighting       | 4 5 6 |  6.5
Shields        | 4 5 6 |  6.4
Axes           | 3 4 5 6 7 |  7.8

Action                   |  1- 3 |  4- 6 |  7- 9 || total
-------------------------+-------+-------+-------++-------
Melee: War axe           |    68 |    99 |   134 ||   301
       Headbutt          |    12 |    16 |    22 ||    50
       Unarmed           |       |     2 |       ||     2
Armor: Scale mail        |    41 |    22 |       ||    63
       Ring mail         |       |    31 |       ||    31
       Plate armour      |       |       |   104 ||   104
Dodge: Dodged            |    48 |    51 |    40 ||   139
Block: Buckler           |    24 |    25 |    23 ||    72
